 Dungeon Crawl Stone Soup version 0.27-a0-334-g52645efa06 (webtiles) character file.

Game seed: 9193718204123289801

1327 Chiseanne the Covert (level 8, 39/42 HPs)
             Began as a Spriggan Monk on Feb 13, 2021.
             Quit the game on level 7 of the Dungeon.
             The game lasted 00:16:44 (4475 turns).

Chiseanne the Covert (Spriggan Monk)                Turns: 4475, Time: 00:16:44

Health: 39/42      AC:  4    Str:  7    XL:     8   Next: 34%
Magic:  8/8        EV: 23    Int: 12    God:
Gold:   257        SH:  0    Dex: 19    Spells: 7/7 levels left

rFire    . . .     SeeInvis +   a - +4 dagger
rCold    . . .     Faith    .   (shield restricted)
rNeg     . . .     Spirit   .   i - +2 robe {Will+}
rPois    .         Reflect  .   (helmet restricted)
rElec    .         Harm     .   (no cloak)
rCorr    .         Rampage  .   (gloves unavailable)
Will     ++...                  (boots unavailable)
Stlth    ++++++....             (no amulet)
HPRegen  0.14/turn              (no ring)
MPRegen  0.11/turn              (no ring)

@: very quick
A: very small, unfitting armour, antennae 1, see invisible, speed 3, low mp 1,
robust 1, evolution 1
a: no special abilities


You were on level 7 of the Dungeon.
You visited 1 branch of the dungeon, and saw 7 of its levels.

You collected 257 gold pieces.

Inventory:

Hand Weapons
 a - a +4 dagger (weapon)
 s - a +0 rapier
Missiles
 e - 12 poisoned darts (quivered)
 f - 90 arrows
 h - 4 curare-tipped darts
 l - 5 boomerangs of dispersal
 u - 39 sling bullets
Armour
 i - a +2 robe of willpower (worn)
Jewellery
 v - a ring of ice {unknown}
Scrolls
 g - 3 scrolls of amnesia
 j - a scroll of enchant armour
 n - a scroll of fog
 q - a scroll of fear
 t - a scroll of teleportation {unknown}
 w - a scroll of identify
Potions
 b - a potion of might
 c - a potion of curing
 d - a potion of invisibility
 k - 3 potions of haste
 m - a potion of lignification
 r - 3 potions of brilliance


   Skills:
 - Level 2.4 Fighting
 + Level 5.3 Short Blades
 + Level 6.4 Dodging
 * Level 13.1 Stealth


You had 7 spell levels left.
You didn't know any spells.
Your spell library was empty.

Dungeon Overview and Level Annotations

Branches:
Dungeon (7/15)
 Temple: D:4-7

Altars:
Ashenzari
Nemelex Xobeh
Okawaru
Qazlal
Wu Jian
Xom
The Shining One

Annotations:
D:4 3 runed translucent doors, CakeIsGreat's ghost, amateur GrFi


Innate Abilities, Weirdness & Mutations

You are very small and have problems with some larger weapons.
You are too small for most types of armour.
You have supernaturally acute eyesight. (SInv)
You cover ground extremely quickly.
You have a pair of small antennae on your head.
Your magical capacity is low. (-10% MP)
You are robust. (+10% HP)
You evolve.


Message History

A worker ant is nearby!
A worker ant is nearby!
You feel a genetic drift.
You feel less energetic.
A worker ant is nearby!
f - 90 arrows (gained 28)
Things that are here:
a +0 shortbow; a centaur skeleton
a - a +4 dagger (weapon)
A phantom comes into view.
A centaur comes into view.
You see here 18 gold pieces.
You now have 248 gold pieces (gained 18).
The phantom misses you.
The centaur shouts!
The centaur wields a +0 shortbow.
The centaur shoots an arrow.
The arrow misses you.
The centaur shoots an arrow.
The arrow hits you!
There is a stone staircase leading up here.
A bullfrog comes into view.
A worker ant zombie comes into view. 3 jackals come into view.
The helpless jackal fails to defend itself.
You spit the jackal like a pig!!!!
You kill the jackal!
The helpless jackal fails to defend itself.
You skewer the jackal like a kebab!!!!
You kill the jackal!
Found 17 stones.
You hit the jackal.
The jackal is moderately wounded.
The jackal completely misses you.
You puncture the jackal!
You kill the jackal!
Found a broken altar of Ashenzari.
There is a broken altar of Ashenzari here.
A hound skeleton comes into view.
Found 9 gold pieces.
You now have 257 gold pieces (gained 9).
Are you sure you want to abandon this character and quit the game? (Confirm with "yes".)

#.#
##.###.#.#.#
#.# #.#
#...#.# ##.#
#.# ##..#.#
#..# #.#
#..#.# #.##
#.# #..###
##.# (.##
#..# #.##
#.## ## #@#
#.# #.# #.#
..# .## . #.


There were no monsters in sight!

Vanquished Creatures
  Prince Ribbit (D:5)
  A sky beast (D:6)
  An ogre (D:4)
  2 centaurs
  A phantom (D:4)
  2 bullfrogs (D:6)
  A scorpion (D:5)
  2 bullfrog zombies (D:5)
  2 centaur skeletons
  3 hounds
  Jessica (D:4)
  An iguana (D:6)
  2 orc wizards (D:5)
  6 worker ants
  An adder (D:4)
  2 white imps (D:6)
  An ufetubus (D:6)
  An ooze (D:1)
  An adder skeleton (D:5)
  A worm (D:4)
  2 leopard geckos
  10 orcs
  2 ball pythons
  2 giant cockroaches
  2 goblins (D:3)
  5 jackals
  3 quokkas
  3 bats
  A frilled lizard (D:4)
  2 kobolds
  3 rats
68 creatures vanquished.

Notes
Turn   | Place    | Note
-------+----------+-------------------------------------------
     0 | D:1      | Chiseanne the Spriggan Monk began the quest for the Orb.
     0 | D:1      | Reached XP level 1. HP: 11/11 MP: 2/2
   169 | D:1      | Reached skill level 4 in Stealth
   169 | D:1      | Reached XP level 2. HP: 3/16 MP: 3/3
   626 | D:3      | Found a glowing golden altar of the Shining One.
   627 | D:3      | Found an iron altar of Okawaru.
   633 | D:3      | Found an ornate altar of the Wu Jian Council.
   634 | D:3      | Found a shimmering altar of Xom.
   764 | D:3      | Reached skill level 5 in Stealth
  1031 | D:4      | Found a sparkling altar of Nemelex Xobeh.
  1031 | D:4      | Noticed Jessica
  1035 | D:4      | Killed Jessica
  1036 | D:4      | Reached skill level 6 in Stealth
  1036 | D:4      | Reached XP level 3. HP: 19/19 MP: 4/4
  1109 | D:4      | Found a sparkling altar of Nemelex Xobeh.
  1168 | D:4      | Noticed a phantom
  1175 | D:4      | Killed a phantom
  1176 | D:4      | Reached skill level 8 in Stealth
  1176 | D:4      | Reached XP level 4. HP: 11/23 MP: 5/5
  1382 | D:4      | You fall into a shaft and drop 2 floors!
  1383 | D:6      | Noticed a centaur
  1386 | D:6      | Killed a centaur
  1387 | D:6      | Reached skill level 9 in Stealth
  1387 | D:6      | Reached XP level 5. HP: 27/27 MP: 6/6
  1393 | D:6      | Noticed a phantom
  1398 | D:5      | Entered Level 5 of the Dungeon
  1438 | D:4      | Noticed a phantom
  1447 | D:4      | Noticed CakeIsGreat's ghost (amateur GrFi)
  1448 | D:4      | Noticed an ice beast
  1469 | D:4      | Found a runed translucent gate.
  1469 | D:4      | Found a runed translucent gate.
  1469 | D:4      | Found a runed translucent gate.
  1621 | D:4      | Reached XP level 6. HP: 32/32 MP: 7/7
  1700 | D:4      | Reached skill level 10 in Stealth
  2374 | D:5      | Reached skill level 11 in Stealth
  2531 | D:5      | Reached XP level 7. HP: 35/35 MP: 8/8
  3070 | D:5      | Noticed Prince Ribbit
  3073 | D:5      | Killed Prince Ribbit
  3074 | D:5      | Reached skill level 5 in Dodging
  3255 | D:6      | Reached skill level 12 in Stealth
  3295 | D:6      | Reached XP level 8. HP: 39/39 MP: 9/9
  3710 | D:6      | Reached skill level 5 in Short Blades
  3791 | D:6      | Found a stormy altar of Qazlal.
  4108 | D:7      | Gained mutation: You are robust. (+10% HP) [potion of
                  | mutation]
  4108 | D:7      | Gained mutation: You have a pair of small antennae on your
                  | head. [potion of mutation]
  4108 | D:7      | Gained mutation: You evolve. [potion of mutation]
  4114 | D:7      | Reached skill level 13 in Stealth
  4320 | D:7      | Gained mutation: Your magical capacity is low. (-10% MP)
                  | [evolution]
  4454 | D:7      | Found a broken altar of Ashenzari.
  4475 | D:7      | Quit the game

Illustrated notes

Levels and vault maps discovered:
D:1:      wander_arrival_chamber, layout_basic
D:2:      layout_basic, serial_co_window_serial, co_window_corner_a,
          co_window_paths_a, co_window_corner_a, co_window_corner_a,
          co_window_paths_a, co_window_paths_c, co_window_broadway_c,
          co_window_cross_2, co_window_cross_3, co_window_broadway_a,
          co_window_paths_e, glass_columns_c, glass_columns_a, glass_columns_b
D:3:      layout_basic, general_overflow_altar, minitemple, cheibrodos_gnoll_hut
D:4:      layout_basic, kennysheep_little_box, gammafunk_ghost_icy,
          minmay_misc_feat_nine_boxes, nemelex_lonely_heart_becter
D:5:      layout_loops_corners, uniq_prince_ribbit1
D:6:      layout_rooms, grunt_qazlal_sundering, grunt_ministairs_7
D:7:      minmay_evil_eye, layout_rooms, trog_ov_bears_minmay,
          ashenzari_altar_1, minmay_temple_entry_glassed_door

Skill      XL: |  1  2  3  4  5  6  7  8 |
---------------+-------------------------+-----
Stealth        | 4 6 8 9 11 12 13 | 13.1
Short Blades   | 4 5 |  5.3
Dodging        | 5 6 |  6.4
Fighting       | |  2.4

Action                   |  1- 3 |  4- 6 |  7- 9 || total
-------------------------+-------+-------+-------++-------
Melee: Short sword       |    33 |       |       ||    33
       Rapier            |    26 |    41 |   101 ||   168
       Dagger            |       |    15 |    56 ||    71
  Use: Scroll            |     5 |     2 |     4 ||    11
       Potion            |       |       |     5 ||     5
 Stab: Sleeping          |     8 |    10 |    11 ||    29
       Distracted        |       |     2 |     1 ||     3
Armor: Robe              |     5 |     5 |    10 ||    20
       Skin              |       |       |    31 ||    31
Dodge: Dodged            |    71 |    42 |   125 ||   238

Table legend: (Time is in decaauts)
 A = Elapsed time spent in this place.
 B = Non-inter-level travel time spent in this place.
 C = Inter-level travel time spent in this place.
 D = Time resting spent in this place.
 E = Time spent auto-exploring this place.
 F = Levels seen in this place.
 G = Mean time per level.
                   A        B        C        D        E       F      G
               +--------+--------+--------+--------+--------+-----+--------+
         Total |   3419 |   3356 |     63 |   1379 |    191 |   7 |  488.4 |
       Dungeon |   3419 |   3356 |     63 |   1379 |    191 |   7 |  488.4 |
               +--------+--------+--------+--------+--------+-----+--------+

Top non-repeatable levels by time:
     D:5: 1060 daAuts
     D:6: 601 daAuts
     D:4: 599 daAuts
     D:3: 428 daAuts
     D:7: 352 daAuts
     D:1: 256 daAuts
     D:2: 120 daAuts
